AoeStats
← NPG | Shimishi Maki

Arabia

506026436Analyzed
3v3 RM · 20d ago on Sep 12, 2026· 37m 26s· 6 players
Game mode
Random Map
Map size
Normal (6 player)
Population
200
Speed
Normal
Resources
Standard
Victory
Conquest
Starting age
Dark Age
Ending age
Imperial Age
RankedLock teamsTeams togetherTeam positionsShared explorationLock speedFull tech treeHidden civsTurbo modeCheats
Victory
Defeat
🇨🇱 Bengalis · Chile
1721
+14
1647
+17
🇨🇱 Britons · Chile
1431
+26
🇵🇪 Ethiopians · Peru
1720
-20
🇦🇷 Khmer · Argentina
1720
-21
🇦🇷 Maya · Argentina
1584
-16
NPG | DR@CA
6:47 Loom
9:19 Feudal Age
12:08 Fletching
17:13 Padded Archer Armor
25:11 Castle Age
23:44 Gold Mining
24:30 Double-Bit Axe
24:41 Horse Collar
25:49 Bodkin Arrow
26:35 Crossbowman
28:37 Ballistics
31:40 Leather Archer Armor
Dkastro
6:56 Loom
9:51 Feudal Age
12:59 Double-Bit Axe
13:52 Fletching
18:19 Padded Archer Armor
24:21 Castle Age
24:10 Gold Mining
24:00 Horse Collar
24:26 Crossbowman
25:06 Bodkin Arrow
25:25 Bow Saw
27:03 Ballistics
27:29 Heavy Plow
29:31 Leather Archer Armor
31:01 Husbandry
31:16 Bloodlines
36:04 Wheelbarrow
37:09 Hand Cart
37:13 Town Watch
NPG | Shimishi Maki
6:20 Loom
8:46 Feudal Age
9:26 Double-Bit Axe
9:22 Horse Collar
16:58 Town Watch
18:21 Wheelbarrow
17:59 Scale Barding Armor
21:45 Castle Age
20:14 Bloodlines
20:47 Forging
20:36 Gold Mining
22:58 Chain Barding Armor
22:59 Bow Saw
25:58 Husbandry
26:12 Town Watch
34:44 Fervor
36:05 Fletching
VL Aveee
8:26 Feudal Age
8:59 Double-Bit Axe
10:52 Loom
12:21 Horse Collar
19:08 Castle Age
18:13 Scale Barding Armor
19:06 Bloodlines
20:45 Gold Mining
22:05 Chain Barding Armor
24:25 Husbandry
25:32 Forging
26:53 Wheelbarrow
30:01 Hand Cart
37:24 Fletching
Christine
6:15 Loom
8:58 Feudal Age
13:04 Fletching
20:22 Padded Archer Armor
25:35 Castle Age
24:15 Double-Bit Axe
25:28 Horse Collar
25:40 Crossbowman
26:23 Bodkin Arrow
29:13 Ballistics
30:50 Leather Archer Armor
30:57 Heavy Plow
PWLG | Legend
0:25 Loom
9:16 Feudal Age
12:36 Fletching
13:49 Town Watch
16:24 Padded Archer Armor
22:55 Castle Age
23:35 Bodkin Arrow
23:34 Crossbowman
34:12 Wheelbarrow
34:31 Ballistics
34:46 Elite Skirmisher
Connection lost

Rejoining the realm…

Still unreachable

The connection could not be restored.

Session expired

The server has moved on; the page needs a fresh start.